 Dungeon Crawl Stone Soup version 0.27-a0-223-ge082b6e869 (webtiles) character file.

Game seed: 16459405866455696187

17710 sanka the Covert (level 12, -16/64 HPs)
             Began as a Spriggan Enchanter on Feb 1, 2021.
             Was a Follower of Ru.
             Killed from afar by a war gargoyle (45 damage)
             ... with a spray of metal splinters
             ... on level 12 of the Dungeon.
             The game lasted 00:33:59 (16025 turns).

sanka the Covert (Spriggan Enchanter)              Turns: 16025, Time: 00:34:00

Health: -16/64     AC:  4    Str: 10    XL:     12   Next: 21%
Magic:  26/26      EV: 31    Int: 17    God:    Ru [*.....]
Gold:   667        SH:  6    Dex: 21    Spells: 11/17 levels left

rFire    . . .     SeeInvis +   a - +1 dagger (drain)
rCold    . . .     Faith    .   b - +0 buckler (curse)
rNeg     . . .     Spirit   .   C - +1 robe {Will+}
rPois    .         Reflect  .   (helmet restricted)
rElec    .         Harm     .   s - +0 cloak
rCorr    .         Rampage  .   (gloves unavailable)
Will     +++..                  (boots unavailable)
Stlth    ++++++....             x - amulet of regeneration
HPRegen  0.60/turn              N - ring of magical power
MPRegen  0.20/turn              e - +6 ring of strength

@: very quick
A: very small, unfitting armour, see invisible, speed 3, inability to train
armour
a: Renounce Religion


You were on level 12 of the Dungeon.
You worshipped Ru.
Ru was aware of your devotion.
You visited 2 branches of the dungeon, and saw 14 of its levels.
You also visited: Sewer.

You collected 812 gold pieces.
You spent 145 gold pieces at shops.


Innate Abilities, Weirdness & Mutations

You are very small and have problems with some larger weapons.
You are too small for most types of armour.
You have supernaturally acute eyesight. (SInv)
You cover ground extremely quickly.
You cannot train Armour skill.


   Skills:
 + Level 7.7 Fighting
 - Level 10.0 Short Blades
 + Level 13.9 Dodging
 + Level 14.3 Stealth
 - Level 3.0 Spellcasting
 - Level 10.0 Hexes


You had 11 spell levels left.
You knew the following spells:

 Your Spells              Type           Power        Failure   Level
x - Confusing Touch       Hex            36%          1%          3
z - Ensorcelled Hibernat  Hex/Ice        38%          5%          2
Z - Corona                Hex            40%          1%          1

Your spell library contained the following spells:

 Spells                   Type           Power        Failure   Level
 Tukima's Dance           Hex            36%          1%          3
 Dazzling Flash           Conj/Hex       38%          11%         3
 Summon Guardian Golem    Hex/Summ       19%          11%         3
 Animate Skeleton         Necr           4%           28%         1
 Apportation              Tloc           4%           28%         1
 Beastly Appendage        Tmut           4%           28%         1
 Magic Dart               Conj           8%           28%         1
 Summon Small Mammal      Summ           8%           28%         1
 Fulminant Prism          Conj/Hex       9%           36%         4
 Call Imp                 Summ           2%           41%         2
 Searing Ray              Conj           4%           41%         2
 Wereblood                Tmut           2%           41%         2
 Call Canine Familiar     Summ           2%           65%         3
 Gell's Gravitas          Tloc           1%           65%         3
 Spider Form              Tmut/Pois      1%           65%         3
 Metabolic Englaciation   Hex/Ice        9%           71%         5
 Silence                  Hex/Air        9%           71%         5
 Yara's Violent Unravell  Hex/Tmut       9%           71%         5
 Ice Form                 Ice/Tmut       2%           96%         4
 Iskenderun's Mystic Bla  Conj/Tloc      2%           96%         4
 Petrify                  Tmut/Erth      2%           96%         4
 Summon Ice Beast         Ice/Summ       2%           96%         4
 Summon Lightning Spire   Summ/Air       2%           96%         4
 Blade Hands              Tmut           1%           100%        5
 Conjure Ball Lightning   Conj/Air       1%           100%        6
 Tornado                  Air            1%           100%        9

Inventory:

Hand Weapons
 a - a +1 dagger of draining (weapon)
 O - a +3 dagger of chaos
Missiles
 I - 5 throwing nets {=f}
Armour
 b - a cursed +0 buckler (worn)
 d - +0 acid dragon scales
 s - a +0 cloak (worn)
 C - a +1 robe of willpower (worn)
 T - a scarf of repulsion
Jewellery
 e - a +6 ring of strength (right hand)
 x - an amulet of regeneration (around neck)
 E - an uncursed ring of positive energy
 N - a ring of magical power (left hand)
 R - an uncursed ring of stealth
Wands
 H - a wand of polymorph (12)
 K - a wand of mindburst (12)
 L - a wand of digging (3)
 M - a wand of charming (8)
 P - a wand of acid (16)
Scrolls
 c - 5 scrolls of enchant armour
 h - 6 scrolls of enchant weapon
 i - a scroll of immolation {unknown}
 k - 3 scrolls of noise {!r}
 m - 11 scrolls of teleportation {@r4}
 n - a scroll of magic mapping
 u - 2 scrolls of random uselessness
 w - 11 scrolls of remove curse
 y - 2 scrolls of amnesia
 z - 2 scrolls of fog
 F - a scroll of blinking
 G - 3 scrolls of fear
Potions
 f - 5 potions of attraction {unknown}
 g - a potion of brilliance {unknown}
 j - a potion of berserk rage {unknown}
 l - a potion of lignification {unknown}
 o - a potion of haste {@q3}
 p - 13 potions of curing {unknown}
 q - a potion of magic {unknown}
 r - 3 potions of might {unknown}
 t - a potion of degeneration {unknown}
 v - 3 potions of invisibility {unknown}
 A - 6 potions of heal wounds {unknown}
 B - 3 potions of flight {unknown}
 D - a potion of resistance {unknown}
 J - a potion of mutation {unknown}
Miscellaneous
 Q - a lightning rod (4/4)
 S - a condenser vane

Dungeon Overview and Level Annotations

Branches:
Dungeon (13/15)            Temple (1/1) D:5            Lair (0/6) D:8
  Sewer (visited)
    Orc: D:9-12      Vaults: D:13-14

Altars:
Ashenzari
Cheibriados
Dithmenos
Elyvilon
Fedhas
Gozag
Hepliaklqana
Kikubaaqudgha
Makhleb
Nemelex Xobeh
Okawaru
Qazlal
Ru
Sif Muna
Trog
Uskayaw
Vehumet
Wu Jian
Xom
Yredelemnul
Zin
The Shining One

Shops:
D:4 *   D:5 }:!=:   D:7 =   D:9 }[( D:12

:*!?[ .......▒
▒.▒.▒.▒.▒.▒ .......▒
▒▒.........▒▒ .......▒
▒..8........▒ .......▒
▒▒(....8.....▒▒
.......▒
▒...8.8<.88...▒
.......▒
▒▒...........▒▒
.......▒ ▒...........▒
.......▒ ▒▒.........▒▒
.......▒ ▒.▒)▒i▒)▒)▒
.......▒ ▒▒▒▒▒.▒▒▒▒▒
..†....▒ ▒.▒ .▒▒▒▒▒▒▒
▒.▒
.▒.....▒▒▒▒▒▒▒▒▒)▒▒▒▒▒
.▒..............)....▒
.▒...................▒
▒▒.▒▒▒▒▒▒....▒▒▒▒▒...▒
...▒....▒........▒...▒


You could see a war gargoyle (catching breath) and 3 gargoyles.


Message History

You skewer the gargoyle like a kebab!!!!
You destroy the gargoyle!
You see here a +0 flail.
You redirect the gargoyle's attack!
You start waiting.
You see here a +0 flail.
A war gargoyle comes into view.
It is wielding a +0 antimagic dire flail.
There is a stone staircase leading up here.
You block the gargoyle's attack. You block the war gargoyle's attack.
You barely miss the war gargoyle.
The war gargoyle launches metal splinters at you.
The spray of metal splinters misses you.
The gargoyle hurls a stone arrow at you.
The stone arrow misses you.
The gargoyle hurls a stone arrow at you.
You block the stone arrow.
The gargoyle hurls a stone arrow at you.
The stone arrow hits you!
The gargoyle hurls a stone arrow at you.
The stone arrow misses you.
The gargoyle hurls a stone arrow at you.
The stone arrow misses you.
The gargoyle hurls a stone arrow at you.
The stone arrow hits you!!
* * * LOW HITPOINT WARNING * * *
The war gargoyle launches metal splinters at you.
The spray of metal splinters hits you!!!
Ouch! That really hurt!
You die...

Action                   |  1- 3 |  4- 6 |  7- 9 | 10-12 || total
-------------------------+-------+-------+-------+-------++-------
Melee: Dagger            |    96 |   104 |   213 |   401 ||   814
 Cast: Corona            |     5 |       |       |       ||     5
       Ensorcelled Hiber |    28 |    55 |    76 |   180 ||   339
       Confusing Touch   |       |     1 |    13 |    36 ||    50
Invok: Sacrifice Durabil |       |       |     1 |       ||     1
       Reject Sacrifices |       |       |       |     1 ||     1
  Use: Scroll            |       |       |       |    11 ||    11
 Stab: Sleeping          |    30 |    46 |    64 |   129 ||   269
       Distracted        |       |     1 |       |     4 ||     5
       Confused          |       |     1 |    14 |    35 ||    50
Armor: Robe              |     7 |     8 |    18 |    18 ||    51
Dodge: Dodged            |    88 |    96 |   158 |   367 ||   709
Block: Buckler           |       |       |       |    14 ||    14

Levels and vault maps discovered:
D:1:      minmay_arrival_stone_box, layout_loops_corners
D:2:      layout_basic, chequers_ecumenical_altar_simple_redux
D:3:      layout_basic
D:4:      layout_basic, gammafunk_ghost_grave, serial_shops,
          nicolae_shop_statue_plus, cheibriados_altar_1
D:5:      layout_cave_pools, minmay_temple_entry_offerings, serial_shops,
          shop_statue, kennysheep_little_box, shop_statue, shop_statue, shop,
          uniq_prince_ribbit1
D:6:      layout_basic, gup_sewer_entry_spiral, basic_altar
D:7:      layout_gridville, lemuel_crystal_altar, serial_shops,
          nicolae_shop_behind_doors, serial_bayou_pond_b, led_sif_pool,
          uniq_harold
D:8:      layout_basic, dpeg_oklobed_lair, kennysheep_kite_vault, uniq_psyche,
          uniq_maurice
D:9:      layout_rooms, enter_bailey_3, serial_shops, shop,
          nicolae_shop_waterfront, shop, minmay_nine_imps, uniq_joseph
D:10:     layout_cave_pools
D:11:     layout_loops_ring, erik_orc_2, nicolae_two_hexagons
D:12:     gargoyle_guard, layout_grid_maze, serial_shops, shop,
          nicolae_shop_waterfront, shop, shop_coins, nicolae_shop_statue_plus,
          uniq_erolcha
D:13:     layout_rooms
Temple:   kilobyte_greek_temple

Notes
Turn   | Place    | Note
-------+----------+-------------------------------------------
     0 | D:1      | sanka the Spriggan Enchanter began the quest for the Orb.
     0 | D:1      | Reached XP level 1. HP: 9/9 MP: 5/5
   120 | D:1      | Reached skill level 5 in Stealth
   325 | D:1      | Reached XP level 2. HP: 12/13 MP: 6/6
   328 | D:1      | Learned a level 2 spell: Ensorcelled Hibernation
   529 | D:1      | Reached skill level 6 in Stealth
  1018 | D:1      | Reached XP level 3. HP: 16/16 MP: 0/8
  1089 | D:1      | Learned a level 3 spell: Confusing Touch
  1782 | D:2      | Reached skill level 7 in Stealth
  1935 | D:2      | Found a faded altar of an unknown god.
  1956 | D:2      | Reached XP level 4. HP: 21/21 MP: 3/9
  2599 | D:3      | Reached skill level 8 in Stealth
  3064 | D:3      | Reached skill level 2 in Short Blades
  3304 | D:3      | Reached XP level 5. HP: 18/24 MP: 2/10
  3432 | D:3      | Reached skill level 3 in Short Blades
  3984 | D:4      | Reached skill level 4 in Short Blades
  4183 | D:4      | Noticed sanka's ghost (amateur SpAK)
  4184 | D:4      | Found a runed translucent door.
  4196 | D:4      | Reached XP level 6. HP: 23/28 MP: 4/11
  4283 | D:4      | Found a snail-covered altar of Cheibriados.
  4287 | D:4      | Reached skill level 5 in Short Blades
  4402 | D:4      | Reached skill level 3 in Spellcasting
  4607 | D:4      | Reached skill level 4 in Hexes
  5042 | D:4      | Found Xivutuw's Assorted Antiques.
  5344 | D:4      | Killed sanka's ghost
  5345 | D:4      | Reached skill level 5 in Hexes
  5446 | D:4      | Bought a glowing emerald amulet for 145 gold pieces
  5493 | D:5      | Entered Level 5 of the Dungeon
  5498 | D:5      | Found a staircase to the Ecumenical Temple.
  5510 | D:5      | Found Zueziss's Jewellery Boutique.
  5514 | D:5      | Reached XP level 7. HP: 32/32 MP: 12/12
  5525 | D:5      | Found Ifint's Distillery.
  5572 | D:5      | Reached skill level 6 in Hexes
  5579 | D:5      | Noticed Prince Ribbit
  5612 | Temple   | Entered the Ecumenical Temple
  5779 | Temple   | Became a worshipper of Ru the Awakened
  5818 | Temple   | Killed Prince Ribbit
  5819 | Temple   | Reached skill level 7 in Hexes
  6047 | D:5      | Reached skill level 8 in Hexes
  6132 | D:5      | Found Paubrel's Gadget Shop.
  6285 | D:5      | Found Saagysil's Book Emporium.
  6398 | D:5      | Reached skill level 1 in Fighting
  6398 | D:5      | Reached skill level 4 in Dodging
  6400 | D:5      | Reached XP level 8. HP: 37/37 MP: 13/13
  6453 | D:5      | Found Parchom's Book Shop.
  6571 | D:5      | Reached skill level 2 in Fighting
  6635 | D:4      | Reached skill level 5 in Dodging
  6914 | D:6      | Found a sacrificial altar of Ru.
  6946 | D:6      | Noticed a purple ugly thing
  7396 | D:6      | Reached skill level 6 in Dodging
  7474 | D:6      | Found a glowing drain.
  7478 | Sewer    | Entered a sewer
  7883 | Sewer    | Reached skill level 3 in Fighting
  7932 | Sewer    | Gained mutation: You cannot train Armour skill. [Ru
                  | sacrifice]
  7932 | Sewer    | Reached * piety under Ru
  8082 | D:6      | Reached skill level 7 in Dodging
  8146 | D:6      | Reached skill level 8 in Dodging
  8517 | D:6      | Killed a purple ugly thing
  8518 | D:6      | Reached skill level 10 in Stealth
  8518 | D:6      | Reached XP level 9. HP: 44/44 MP: 11/14
  8571 | D:7      | Noticed a gargoyle
  8576 | D:7      | Reached skill level 11 in Stealth
  8712 | D:7      | Killed a gargoyle
  8712 | D:7      | Noticed Harold
  8713 | D:7      | Reached skill level 12 in Stealth
  8763 | D:7      | HP: 3/44 [Harold/+0 flail (19)]
  8768 | D:7      | Killed Harold
  8769 | D:7      | Reached skill level 8 in Short Blades
  9321 | D:7      | Found a shimmering blue altar of Sif Muna.
  9425 | D:7      | Found Bennevuz's Jewellery Shoppe.
  9518 | D:7      | Found a shimmering blue altar of Sif Muna.
  9872 | D:8      | Reached XP level 10. HP: 49/49 MP: 1/15
 10003 | D:8      | Reached skill level 9 in Dodging
 10043 | D:8      | Noticed Maurice
 10054 | D:8      | Killed Maurice
 10055 | D:8      | Reached skill level 4 in Fighting
 10181 | D:8      | Reached skill level 9 in Hexes
 10375 | D:8      | Noticed Psyche
 10385 | D:8      | Killed Psyche
 10435 | D:8      | Noticed a five-headed hydra
 10442 | D:8      | Killed a five-headed hydra
 10443 | D:8      | Reached skill level 10 in Dodging
 10964 | D:8      | Found a staircase to the Lair.
 11016 | D:8      | Reached skill level 5 in Fighting
 11351 | D:8      | Reached skill level 10 in Hexes
 11886 | D:9      | Found Peby's Antique Armour Shop.
 11895 | D:9      | Reached skill level 11 in Dodging
 11973 | D:9      | Found Fiwkap's Gadget Shoppe.
 12558 | D:9      | Found Porph's Weapon Boutique.
 12606 | D:9      | Noticed Joseph
 12614 | D:9      | Killed Joseph
 12615 | D:9      | Reached skill level 6 in Fighting
 12734 | D:9      | Reached XP level 11. HP: 56/56 MP: 16/16
 12775 | D:9      | Reached skill level 12 in Dodging
 13204 | D:10     | Entered Level 10 of the Dungeon
 14120 | D:11     | Noticed a brown ugly thing
 14165 | D:11     | Killed a brown ugly thing
 14290 | D:11     | Noticed a two-headed ogre
 14295 | D:11     | Killed a two-headed ogre
 14296 | D:11     | Reached skill level 13 in Stealth
 14377 | D:11     | Reached skill level 9 in Short Blades
 14545 | D:13     | Noticed a tengu warrior
 14549 | D:13     | Killed a tengu warrior
 14550 | D:13     | Reached skill level 13 in Dodging
 14557 | D:13     | Noticed a two-headed ogre
 14587 | D:12     | Reached skill level 7 in Fighting
 14665 | D:12     | Found Ewkit's Book Boutique.
 14718 | D:12     | Noticed Erolcha
 14738 | D:12     | Killed Erolcha
 14857 | D:12     | Found Xicholl's Distillery.
 14859 | D:12     | Noticed a soul eater
 15135 | D:12     | Identified +0 acid dragon scales
 15347 | D:12     | Reached XP level 12. HP: 62/63 MP: 17/17
 15402 | D:12     | Reached skill level 14 in Stealth
 15483 | D:12     | Found Kehonam's Assorted Antiques.
 15483 | D:12     | Found Qoplaph's Magic Scroll Boutique.
 15611 | D:12     | Found Olazogao's Antique Armour Shoppe.
 15873 | D:12     | Reached skill level 10 in Short Blades
 16010 | D:12     | Noticed a war gargoyle
 16025 | D:12     | Killed from afar by a war gargoyle

Vanquished Creatures
  Erolcha (D:12)
  Harold (D:7)
  A hydra (D:8)
  A two-headed ogre (D:11)
  A tengu warrior (D:13)
  2 manticores
  3 ugly things
  Maurice (D:8)
  7 gargoyles
  Joseph (D:9)
  A kobold demonologist (D:12)
  Psyche (D:8)
  4 trolls
  A hornet (D:12)
  Prince Ribbit (Temple)
  A wraith (D:11)
  A basilisk (D:12)
  2 water moccasins
  An acid dragon (D:12)
  The ghost of sanka the Pure, an amateur SpAK of Lugonu (D:4)
  3 ice beasts
  5 orc warriors
  3 sky beasts
  A necrophage (D:9)
  10 ogres
  An eye of draining (D:12)
  3 centaurs
  3 big kobolds
  8 phantoms
  10 bullfrogs
  A gnoll sergeant (D:11)
  3 scorpions
  14 killer bees
  14 wights
  An electric eel (D:7)
  2 howler monkeys
  8 crimson imps (D:9)
  2 bullfrog zombies
  6 hounds
  4 jellies
  11 orc priests
  4 bullfrog skeletons
  A centaur skeleton (D:7)
  2 iguanas
  13 orc wizards
  9 worker ants
  2 hound zombies
  11 gnolls
  11 adders
  2 shadow imps
  2 white imps
  3 ufetubi
  6 oozes
  2 adder zombies
  3 worms
  3 dart slugs
  5 leopard geckos
  29 orcs
  6 giant cockroaches
  9 hobgoblins
  10 jackals
  10 quokkas
  3 ball pythons
  14 bats
  5 frilled lizards
  12 goblins
  22 kobolds
  A quokka skeleton (D:4)
  16 rats
362 creatures vanquished.

Vanquished Creatures (others)
  An orc (D:8)
  5 plants
6 creatures vanquished.

Grand Total: 368 creatures vanquished
